Map: Newkirk Precinct TE (Void)

Players

Erik

  • Race: Zerg Zerg
  • Spawn Location: 5:00

DeMusliM - Winner!

  • Race: Terran Terran
  • League: Master
  • Spawn Location: 7:00

Event: WESG 2016 Finals

VOD

Have the link to the VOD?

Description

Time

  • Played on: Jan. 11, 2017, 11:23 p.m.
  • Length: 8:47

All games in this series

Show
View Real Time Build Order
Export as new Build Order

Erik Zerg 

Build Orders: Pool First 

Get SALT Encoding   

  12  0:01  Drone  
  13  0:13  Overlord  
  13  0:18  Drone  
  14  0:31  Drone x2  
  14  0:35  Drone  
  17  0:45  Spawning Pool  
  17  0:47  Extractor  
  15  0:51  Drone  
  16  1:15  Hatchery  
  16  1:17  Drone  
  16  1:32  Zergling x4  
  18  1:33  Zergling x2  
  19  1:42  Queen  
  21  1:50  Metabolic Boost  
  21  1:58  Overlord  
  21  2:03  Drone  
  22  2:16  Drone x2  
  24  2:23  Roach Warren  
  22  2:38  Drone  
  22  2:39  Queen  
  24  2:44  Overlord  
  24  3:02  Roach x3  
  32  3:05  Roach  
  32  3:17  Roach  
  34  3:22  Roach x2  
  37  3:30  Zergling x2  
  37  3:33  Zergling x2  
  37  3:34  Zergling x4  
  41  3:36  Zergling x2  
  42  3:42  Overlord  
  42  3:48  Ravager  
  43  3:49  Ravager  
  44  4:08  Zergling x4  
  44  4:09  Zergling x10  
  49  4:17  Ravager  
  49  4:19  Zergling x4  
  47  4:31  Drone x2  
  47  4:32  Drone x2  
  47  4:33  Drone  
  45  4:41  Drone x2  
  45  4:44  Drone  
  43  4:49  Drone  
  43  4:51  Drone  
  39  4:53  Drone  
  39  4:55  Drone  
  38  5:02  Drone x2  
  40  5:11  Lair  
  40  5:13  Extractor  
  40  5:14  Spore Crawler, Extractor  
  37  5:16  Spore Crawler  
  37  5:20  Drone  
  37  5:22  Drone  
  37  5:25  Drone x2  
  37  5:27  Drone  
  41  5:30  Drone  
  41  5:31  Drone  
  41  5:33  Drone  
  41  5:35  Drone  
  44  5:39  Drone  
  45  5:43  Drone x2  
  45  5:46  Extractor  
  45  5:49  Queen  
  48  5:53  Drone x2  
  48  5:55  Drone  
  51  6:00  Overlord  
  51  6:04  Overlord  
  51  6:06  Overlord  
  49  6:18  Overseer  
  49  6:20  Spire, Queen  
  49  6:31  Queen  
  51  6:42  Drone x2  
  51  6:44  Drone  
  54  6:48  Hatchery  
  54  6:54  Overlord  
  50  7:05  Drone x2  
  50  7:07  Glial Reconstitution  
  52  7:28  Hatchery  
  52  7:29  Hatchery  
  51  7:36  Mutalisk x7  
  55  7:37  Mutalisk  
  67  7:46  Mutalisk x2  
  71  7:57  Drone x4  
  71  7:58  Drone x2, Evolution Chamber  
  76  8:07  Overlord x2  
  76  8:09  Overlord  
  76  8:16  Overlord  
Show
View Real Time Build Order
Export as new Build Order

DeMusliM Terran - Winner!

Build Orders: Reaper Expand, MMM Bio 

Get SALT Encoding   

  12  0:00  SCV  
  13  0:13  SCV  
  14  0:18  Supply Depot  
  14  0:25  SCV  
  15  0:34  Refinery  
  15  0:39  SCV  
  16  0:45  Barracks  
  16  0:51  SCV  
  17  1:03  SCV  
  18  1:15  SCV  
  19  1:32  Orbital Command  
  19  1:33  Reaper  
  20  1:44  Command Center  
  20  1:54  Factory  
  20  1:58  SCV  
  21  2:05  Refinery  
  21  2:10  SCV  
  21  2:11  Barracks Reactor  
  22  2:18  Supply Depot  
  22  2:22  SCV  
  23  2:40  SCV  
  23  2:42  Starport  
  24  2:50  Hellion  
  24  2:51  Hellion  
  28  2:52  SCV  
  28  2:56  Barracks Tech Lab  
  29  3:01  Orbital Command  
  29  3:04  SCV  
  30  3:11  Widow Mine x2  
  33  3:20  SCV  
  34  3:28  SCV  
  34  3:32  Marine, SCV  
  39  3:40  Supply Depot  
  39  3:45  Banshee  
  39  3:47  Cyclone  
  43  3:48  SCV x2  
  43  3:50  Marine  
  43  3:53  Supply Depot  
  46  4:05  Hellion  
  46  4:07  SCV x2  
  48  4:11  Supply Depot  
  48  4:14  Supply Depot  
  48  4:22  SCV x2  
  49  4:28  Hellion, Banshee  
  54  4:34  SCV x2  
  51  4:46  SCV  
  51  4:47  SCV  
  53  4:53  Cyclone  
  53  4:59  SCV x2  
  58  5:06  Cloaking Field  
  58  5:11  SCV x2  
  60  5:20  Supply Depot  
  60  5:23  SCV x2  
  60  5:25  Viking  
  64  5:33  Command Center  
  64  5:36  SCV x2  
  66  5:43  Supply Depot  
  66  5:44  Barracks Tech Lab  
  66  5:45  Supply Depot  
  66  5:48  SCV  
  67  5:50  Engineering Bay  
  67  5:51  Engineering Bay  
  67  5:53  SCV  
  68  6:00  SCV  
  69  6:05  SCV  
  69  6:07  Marine, Factory Reactor  
  69  6:09  Barracks, Stimpack  
  71  6:11  Barracks  
  71  6:12  SCV  
  71  6:15  Refinery x2  
  71  6:17  Terran Infantry Armor Level 1, Terran Infantry Weapons Level 1  
  72  6:24  SCV  
  72  6:25  SCV  
  74  6:27  Marine  
  75  6:34  Barracks  
  75  6:35  Barracks  
  75  6:36  Missile Turret  
  75  6:37  Starport Reactor  
  75  6:41  Missile Turret  
  75  6:46  Orbital Command  
  75  6:47  Supply Depot  
  75  6:48  Marine  
  75  6:53  Supply Depot  
  75  6:54  Missile Turret  
  76  6:55  Factory Reactor  
  76  6:58  SCV x2  
  76  6:59  Marine x2  
  80  7:03  Supply Depot  
  80  7:06  Marauder  
  82  7:08  Marine x2  
  84  7:16  Medivac  
  84  7:17  Marine x2, Medivac  
  90  7:22  Barracks Reactor  
  90  7:23  Marine, Combat Shields  
  90  7:26  Marine x2  
  90  7:28  Marauder  
  92  7:31  Widow Mine x2  
  92  7:35  Marine x2  
  98  7:41  Marauder  
  100  7:44  Marine x2  
  100  7:48  Orbital Command  
  100  7:49  Marauder  
  100  7:50  Medivac  
  100  7:51  Medivac  
  108  7:53  Marine x2  
  110  8:02  Marine, Marauder  
  110  8:03  Marine x2  
  110  8:05  Marine, Armory  
  116  8:06  Missile Turret  
  116  8:07  Bunker  
  116  8:08  Missile Turret  
  116  8:11  Marauder  
  116  8:12  SCV x2  
  120  8:13  SCV  
  120  8:17  Marine  
  122  8:24  Marauder  
  122  8:27  Marine x2  
  124  8:28  Marine x2  
Tags
 
Add a new tag
Caveats
  • Supply blocks, unpowered buildings, or Contaminate may cause inaccurate times.
  • Supply counts are checked every 10 seconds.